 Dungeon Crawl Stone Soup version 0.21-a0-279-g6037ffb (webtiles) character file.

33 dricus the Changer (level 3, 0/26 HPs)
             Began as a Merfolk Transmuter on Sept 23, 2017.
             Slain by an adder (3 damage)
             ... on level 1 of the Dungeon.
             The game lasted 00:02:35 (1079 turns).

dricus the Changer (Merfolk Transmuter)             Turns: 1079, Time: 00:02:36

Health: 0/26       AC:  2    Str: 10    XL:     3   Next: 29%
Magic:  6/6        EV: 13    Int: 13    God:
Gold:   35         SH:  0    Dex: 14    Spells: 0/6 levels left

rFire    . . .     SeeInvis .     - Unarmed
rCold    . . .     Gourm    .   (no shield)
rNeg     . . .     Faith    .   b - +0 robe
rPois    .         Spirit   .   (no helmet)
rElec    .         Reflect  .   (no cloak)
rCorr    .         Harm     .   (no gloves)
MR       .....                  (no boots)
Stlth    +.........             (no amulet)
HPRegen  0.08/turn              (no ring)
MPRegen  0.10/turn              (no ring)

@: lethally poisoned (0 -> -2), very slightly contaminated
A: change form in water, swift swim, stealthy swim
a: no special abilities


You were on level 1 of the Dungeon.
You were not hungry.

You visited 1 branch of the dungeon, and saw 2 of its levels.

You collected 35 gold pieces.

Inventory:

Hand Weapons
 a - a +0 dagger of speed
Missiles
 e - 68 sling bullets
 f - 42 stones (quivered)
 g - 12 arrows
Armour
 b - a +0 robe (worn)
Scrolls
 h - 3 scrolls of identify {@r9}
 i - a scroll of recharging {unknown}
 j - a scroll of fog
 n - a scroll of enchant armour {unknown}
 o - a scroll of teleportation {unknown}
 q - a scroll of enchant weapon {unknown}
Potions
 k - a potion of brilliance
 l - a potion of flight
 m - a potion of mutation
Books
 c - a book of Changes

   Spells                             Type                      Level
   a - Beastly Appendage              Transmutation                1
   b - Sticks to Snakes               Transmutation                2
   c - Spider Form                    Transmutation/Poison         3
   d - Ice Form                       Ice/Transmutation            4
   e - Blade Hands                    Transmutation                5
Comestibles
 d - a bread ration
 p - a meat ration
 r - 2 chunks of flesh


   Skills:
 - Level 1.1 Fighting
 - Level 2.6 Dodging
 + Level 3.7 Unarmed Combat
 + Level 2.3 Spellcasting
 * Level 3.8 Transmutations


You couldn't memorise any spells.
You knew the following spells:

 Your Spells              Type           Power        Failure   Level  Hunger
a - Beastly Appendage     Tmut           ##....       4%          1    #......
b - Sticks to Snakes      Tmut           ##......     8%          2    ###....
c - Spider Form           Tmut/Pois      #.........   32%         3    ###....


Dungeon Overview and Level Annotations

Branches:
Dungeon (2/15)

Altars:


Message History

You hit the giant cockroach.
You kill the giant cockroach!
You feel sick.
You hit the adder.
The adder is heavily wounded.
The adder bites you.
* * * LOW HITPOINT WARNING * * *
The adder barely misses you.
You barely miss the adder.
The adder is heavily wounded.
The adder bites you.
* * * LOW HITPOINT WARNING * * *
Okay, then.
Unknown command.
Unknown command.
You aren't carrying any items that you can evoke.
You barely miss the adder.
The adder is heavily wounded.
The adder bites you.
You die...

#................##.......(
#.................>........
#........####..####........
#........# #...###...)....
#........# #.....#..).....
#........# #.#.#..........
#........## #.#.##.........
#.........###.....#>......)
#.........@S.#.##.#........
#######..###.>.............
##.# ###..#.......... #.#
##.#..........
#.######............
#...................
#...................
#............#......
##......).....#..#..


You could see an adder.

Vanquished Creatures
  A dart slug (D:1)
  2 bats (D:1)
  A giant cockroach (D:1)
  2 hobgoblins (D:1)
  2 frilled lizards (D:1)
  10 goblins (D:1)
  6 kobolds (D:1)
  3 rats (D:1)
27 creatures vanquished.

Notes
Turn   | Place    | Note
-------+----------+-------------------------------------------
     0 | D:1      | dricus the Merfolk Transmuter began the quest for the Orb.
     0 | D:1      | Reached XP level 1. HP: 15/15 MP: 3/3
   185 | D:1      | Reached XP level 2. HP: 18/21 MP: 5/5
   425 | D:1      | Learned a level 2 spell: Sticks to Snakes
   797 | D:1      | Reached XP level 3. HP: 26/26 MP: 4/6
   925 | D:1      | Learned a level 3 spell: Spider Form
  1079 | D:1      | Slain by an adder

Vault maps used:
D:1:      saegor_arrival_simple_c
D:2:      nicolae_overflow_crystal_walls, first_bread,
          wad_floor_pattern_untrapped

Skill      XL: |  1 |
---------------+----+-----
Transmutations | 3 |  3.8
Fighting       | |  1.1
Dodging        | |  2.6
Unarmed Combat | |  3.7
Spellcasting   | |  2.3

Action                   || total
-------------------------++-------
Melee: Unarmed           ||    87
       Headbutt          ||     4
       Dagger            ||    13
 Cast: Beastly Appendage ||     8
  Use: Scroll            ||     4
  Eat: Chunk             ||     1
Armor: Robe              ||    19
Dodge: Dodged            ||    66

Table legend:
 A = Spawn XP
 B = Non-spawn XP
 C = Spawn XP percentage of total XP
 D = Spawn monster count
 E = Non-spawn monster count
 F = Spawn count percentage of total count
 G = Total turns spent on level
                    A         B        C        D         E        F      G
               +---------+---------+-------+---------+---------+-------+---------
         Total |       0 |      48 |   0.0 |       0 |      27 |   0.0 |  1079
               +---------+---------+-------+---------+---------+-------+---------
           D:1 |       0 |      48 |   0.0 |       0 |      27 |   0.0 |  1063
               +---------+---------+-------+---------+---------+-------+---------
